Map: Port Aleksander LE

Players

Lambo - Winner!

  • Race: Zerg Zerg
  • League: Grandmaster
  • Spawn Location: 11:00

JieShi

  • Race: Protoss Protoss
  • League: Grandmaster
  • Spawn Location: 5:00

VOD

Have the link to the VOD?

Description

Time

  • Played on: Dec. 5, 2018, 2:47 p.m.
  • Length: 12:24
Show
View Real Time Build Order
Export as new Build Order

Lambo Zerg - Winner!

Build Orders: Hatch First 

Get SALT Encoding   

  12  0:00  Drone  
  13  0:13  Overlord  
  13  0:18  Drone  
  14  0:32  Drone x2  
  16  0:49  Hatchery  
  15  0:53  Drone  
  16  0:57  Drone  
  16  1:02  Drone  
  18  1:11  Extractor  
  18  1:15  Spawning Pool  
  16  1:19  Drone  
  16  1:23  Drone  
  18  1:30  Drone  
  19  1:41  Drone  
  20  1:51  Drone  
  21  2:02  Queen x2  
  21  2:03  Overlord, Zergling x2  
  26  2:12  Metabolic Boost, Drone  
  27  2:18  Drone  
  28  2:25  Drone x2  
  30  2:37  Hatchery  
  30  2:39  Drone  
  30  2:43  Drone  
  31  2:45  Zergling x2  
  31  2:50  Overlord  
  32  2:56  Queen  
  34  3:01  Drone  
  35  3:05  Drone  
  35  3:11  Drone  
  35  3:12  Drone x2  
  39  3:14  Drone x2  
  39  3:15  Drone  
  39  3:16  Drone  
  39  3:17  Drone  
  43  3:22  Spore Crawler  
  43  3:23  Drone  
  43  3:28  Spore Crawler  
  43  3:30  Overlord  
  42  3:35  Queen  
  44  3:48  Overlord  
  44  3:50  Drone x2  
  44  3:52  Drone  
  44  3:53  Drone x2  
  44  3:54  Drone x2  
  51  3:56  Drone  
  51  4:00  Drone x2  
  51  4:02  Queen  
  56  4:06  Overlord  
  56  4:09  Zergling x2  
  57  4:16  Drone  
  58  4:19  Overlord  
  58  4:20  Overlord  
  58  4:23  Overlord  
  58  4:26  Drone x3  
  61  4:31  Roach Warren  
  61  4:33  Extractor x2, Zergling x2  
  61  4:37  Lair  
  59  4:40  Drone x2  
  59  4:41  Drone  
  59  4:43  Drone x2  
  59  4:44  Drone x2  
  66  4:48  Zergling x2  
  66  4:49  Drone  
  66  4:50  Drone  
  66  4:52  Drone x3  
  72  4:53  Drone  
  72  4:59  Overlord  
  73  5:00  Drone x2  
  73  5:01  Evolution Chamber  
  74  5:07  Extractor  
  74  5:09  Extractor  
  72  5:14  Drone x2  
  72  5:16  Roach x4  
  72  5:19  Overlord  
  82  5:22  Roach x2  
  82  5:23  Roach  
  88  5:29  Zerg Melee Weapons Level 1  
  88  5:31  Drone x2  
  88  5:32  Overlord  
  90  5:35  Overlord  
  90  5:36  Glial Reconstitution  
  90  5:39  Roach x3  
  90  5:41  Roach  
  97  5:45  Overlord  
  97  5:46  Overlord  
  97  5:50  Overlord  
  97  5:53  Overlord, Drone  
  97  5:54  Overlord, Drone x2  
  100  6:01  Drone x6  
  105  6:04  Extractor  
  105  6:08  Drone  
  105  6:09  Drone  
  105  6:11  Baneling Nest  
  104  6:14  Overseer  
  104  6:16  Roach  
  106  6:24  Drone x2  
  108  6:31  Hatchery, Overlord  
  106  6:36  Pneumatized Carapace  
  110  6:40  Roach x3, Zergling x14  
  110  6:43  Roach  
  118  7:00  Centrifical Hooks  
  118  7:03  Zergling x20  
  118  7:06  Hydralisk Den  
  127  7:18  Baneling x3  
  127  7:20  Overlord  
  127  7:24  Zerg Melee Weapons Level 2  
  127  7:35  Ravager x2  
  127  7:36  Baneling x11  
  129  7:38  Overlord, Hydralisk  
  129  7:39  Hydralisk x12  
  155  7:45  Baneling x3  
  155  7:48  Roach, Zergling x6  
  159  7:55  Roach x4  
  154  8:05  Roach x3  
  149  8:06  Roach x3  
  149  8:09  Roach x3, Zergling x2  
  142  8:14  Roach x2  
  142  8:16  Roach x2  
  140  8:26  Roach x3  
  132  8:36  Queen  
  132  8:37  Hydralisk, Grooved Spines  
  132  8:38  Hydralisk x2  
  141  8:41  Zergling x4  
  141  8:43  Zergling x4  
  141  8:47  Drone x3  
  147  8:53  Hydralisk  
  147  8:55  Overseer  
  149  8:59  Hatchery, Hydralisk x3  
  149  9:02  Baneling x2  
  154  9:11  Baneling x4  
  154  9:14  Hydralisk x2  
  154  9:15  Hydralisk  
  159  9:17  Overlord, Zergling x4  
  159  9:18  Overlord  
  159  9:19  Zergling x6  
  159  9:21  Baneling x4  
  164  9:25  Zergling x6  
  167  9:33  Hydralisk x2  
  167  9:34  Hydralisk x2  
  167  9:36  Queen  
  177  9:39  Queen  
  177  9:41  Overlord  
  178  9:49  Muscular Augments  
  178  9:51  Hydralisk x4  
  184  10:02  Hydralisk x3  
  184  10:03  Hydralisk  
  184  10:04  Zergling x2  
  184  10:05  Zergling x12  
  199  10:07  Baneling x5  
  198  10:19  Zergling x12  
  199  10:35  Overlord  
  196  10:38  Baneling x4  
  196  10:45  Infestation Pit  
  192  10:51  Hydralisk x2  
  192  10:54  Baneling x4  
  192  10:55  Baneling x11  
  196  11:03  Drone  
  196  11:04  Drone x2  
  199  11:13  Hydralisk x3  
  199  11:21  Hydralisk  
  199  11:22  Hydralisk x3  
  193  11:25  Overseer  
  193  11:26  Hydralisk  
  193  11:27  Hydralisk x2, Zergling x24  
  193  11:28  Zergling x2  
  193  11:29  Hydralisk  
  193  11:30  Zergling x10  
  199  11:36  Zergling x12  
  193  11:43  Hydralisk, Zergling x2  
  193  11:44  Zergling x2  
  196  11:47  Drone  
  196  11:51  Zergling x2  
  198  11:54  Baneling x9  
  198  12:02  Baneling x5  
  198  12:09  Extractor x2, Drone x2  
  198  12:10  Spine Crawler  
  198  12:11  Spine Crawler  
  198  12:13  Spine Crawler  
Show
View Real Time Build Order
Export as new Build Order

JieShi Protoss 

Build Orders: 1 Gate Expand, Oracle Opening, Phoenix Opening, Archon Immortal, Archon Drop 

Get SALT Encoding   

  12  0:01  Probe  
  13  0:13  Probe  
  14  0:18  Pylon  
  14  0:24  Probe  
  15  0:32  Probe  
  15  0:40  Probe  
  15  0:42  Gateway  
  16  0:48  Assimilator  
  17  0:51  Probe  
  18  1:03  Probe  
  19  1:15  Probe  
  20  1:25  Nexus  
  20  1:35  Cybernetics Core  
  20  1:38  Probe  
  21  1:43  Assimilator  
  21  1:50  Probe  
  21  1:53  Pylon  
  22  2:02  Probe  
  23  2:08  Adept  
  23  2:14  Probe  
  24  2:16  Stargate  
  26  2:24  Warp Gate  
  26  2:27  Probe  
  27  2:34  Probe  
  27  2:35  Adept  
  29  2:39  Probe  
  29  2:43  Probe  
  31  2:49  Oracle  
  31  2:51  Probe  
  33  2:53  Probe  
  34  3:03  Probe  
  34  3:05  Probe  
  39  3:15  Probe  
  39  3:17  Probe  
  39  3:19  Phoenix  
  41  3:21  Pylon  
  43  3:27  Gateway  
  43  3:29  Probe x2  
  45  3:38  Robotics Facility  
  45  3:41  Probe x2  
  45  3:45  Assimilator  
  45  3:47  Assimilator  
  47  3:52  Probe  
  47  3:53  Probe  
  49  3:59  Twilight Council  
  49  4:00  Pylon, Probe  
  49  4:05  Probe  
  49  4:08  Probe  
  51  4:15  Warp Prism  
  52  4:18  Pylon, Probe  
  52  4:19  Probe  
  57  4:31  Gateway  
  57  4:33  Gateway  
  57  4:38  Templar Archives  
  56  4:44  Zealot x2  
  60  4:58  Nexus  
  60  4:59  Observer  
  61  5:06  Pylon  
  61  5:14  Forge  
  61  5:15  Gateway  
  61  5:16  Gateway  
  61  5:26  High Templar x3, Immortal  
  67  5:29  High Templar  
  67  5:30  Archon  
  67  5:34  Archon  
  67  5:35  Charge, Shield Battery  
  73  5:45  Pylon, Probe x2  
  75  5:59  Probe x2  
  75  6:06  Immortal  
  77  6:12  Probe  
  77  6:13  Zealot x2, Sentry  
  77  6:14  Zealot x2, Probe  
  77  6:15  Protoss Ground Weapons Level 1  
  89  6:21  Probe  
  89  6:25  Zealot, Probe  
  93  6:26  Probe  
  93  6:27  Photon Cannon  
  93  6:32  Pylon  
  94  6:38  High Templar  
  94  6:39  High Templar  
  98  6:40  Zealot  
  98  6:46  Gateway  
  100  6:57  Archon, Zealot x2  
  100  6:58  Zealot  
  106  7:01  Gateway  
  106  7:08  Pylon  
  106  7:09  Pylon  
  106  7:18  Immortal, Probe x2  
  106  7:19  Probe  
  109  7:28  Pylon  
  113  7:36  High Templar x2  
  117  7:38  Zealot x3  
  117  7:39  Zealot  
  117  7:41  Pylon  
  117  7:42  Archon  
  102  7:58  Zealot x2  
  102  7:59  Zealot x3  
  102  8:00  Zealot  
  102  8:03  Immortal  
  104  8:11  Zealot x2  
  88  8:18  Psionic Storm  
  76  8:31  High Templar x4  
  76  8:32  Zealot x4  
  83  8:34  Probe x3  
  83  8:37  Immortal  
  83  8:38  Assimilator  
  83  8:40  Assimilator  
  85  8:53  Protoss Ground Weapons Level 2, Probe x3  
  92  8:56  Shield Battery, Photon Cannon  
  92  9:03  Zealot x4  
  92  9:04  Zealot x4  
  92  9:08  Immortal  
  112  9:26  Robotics Facility  
  108  9:33  Pylon  
  106  9:41  Zealot x3  
  106  9:42  Zealot, Stalker  
  106  9:43  Stalker x2  
  120  9:48  Stalker  
  120  9:50  Probe  
  120  9:51  Probe x2  
  108  10:00  Probe  
  108  10:03  Probe x2  
  105  10:08  Probe  
  105  10:10  High Templar x2  
  105  10:11  High Templar x2  
  113  10:15  Archon, Immortal, Probe  
  113  10:17  Zealot  
  116  10:29  Probe x2  
  116  10:34  Probe  
  113  10:37  Probe  
  113  10:41  Probe  
  113  10:42  Probe  
  114  10:46  High Templar x2  
  115  10:51  Archon  
  115  10:52  Probe x3  
  114  11:00  Probe  
  115  11:04  Probe x2  
  115  11:05  Zealot, High Templar x2  
  115  11:08  Probe  
  119  11:16  Probe  
  119  11:17  Zealot, High Templar x2  
  127  11:23  Zealot x2  
  123  11:27  Zealot  
  93  11:40  Archon  
  93  11:41  High Templar x3  
  93  11:42  Probe  
  93  11:44  Probe  
  97  11:50  Probe x2  
  90  11:56  Probe  
  90  11:58  Zealot, High Templar x2, Probe  
  90  11:59  Zealot x2, Probe  
  104  12:09  Probe  
  104  12:11  Probe  
  98  12:18  Archon  
  98  12:19  Zealot  
  98  12:20  Zealot  
Tags
 
Add a new tag
Caveats
  • Supply blocks, unpowered buildings, or Contaminate may cause inaccurate times.
  • Supply counts are checked every 10 seconds.